AoeStats
← Kibyra

Pilgrims

508965228Analyzed
4v4 RM · 9d ago on Sep 24, 2026· 44m 41s· 8 players
Game mode
Random Map
Map size
Large (8 player)
Population
200
Speed
Normal
Resources
Standard
Victory
Conquest
Starting age
Dark Age
Ending age
Imperial Age
RankedLock teamsTeams togetherTeam positionsShared explorationLock speedFull tech treeHidden civsTurbo modeCheats
Victory
Defeat
🇹🇷 Britons · Türkiye
876
+15
🇹🇷 Persians · Türkiye
808
+18
🇹🇷 Bulgarians · Türkiye
806
+18
🇬🇧 Lithuanians · United Kingdom
778
+19
🇦🇷 Persians · Argentina
933
-49
🇺🇸 Varangians · United States
873
-18
🇦🇷 Khmer · Argentina
852
-18
🇦🇷 Malay · Argentina
769
-14
xxyvonnederful
14:01 Feudal Age
12:18 Loom
15:03 Horse Collar
15:06 Fishing Lines
18:17 Castle Age
19:25 Double-Bit Axe
20:50 Scale Barding Armor
21:10 Forging
22:12 Fletching
27:54 Bodkin Arrow
28:36 Iron Casting
31:33 Gold Mining
31:34 Stone Mining
36:57 Chain Barding Armor
GhostGoth
3:52 Loom
13:45 Feudal Age
14:17 Horse Collar
15:35 Wheelbarrow
15:32 Gold Mining
15:40 Stone Mining
16:01 Arson
21:02 Castle Age
19:11 Double-Bit Axe
20:55 Forging
20:49 Scale Mail Armor
22:41 Iron Casting
22:23 Bow Saw
22:17 Heavy Plow
22:34 Pikeman
24:02 Bloodlines
25:27 Husbandry
26:12 Chain Mail Armor
26:16 Scale Barding Armor
27:01 Caravan
29:49 Hand Cart
34:05 Imperial Age
33:11 Light Cavalry
35:25 Crop Rotation
35:59 Chain Barding Armor
35:59 Cavalier
37:20 Plate Barding Armor
37:57 Blast Furnace
38:34 Conscription
LuchoCuzzo
12:12 Feudal Age
13:09 Double-Bit Axe
15:09 Wheelbarrow
17:06 Castle Age
18:37 Horse Collar
19:46 Bow Saw
22:39 Hand Cart
23:01 Heavy Plow
24:28 Stone Mining
29:08 Guard Tower
29:15 Murder Holes
29:35 Town Watch
29:39 Fishing Lines
30:32 Treadmill Crane
31:27 Forging
31:24 Scale Barding Armor
32:32 Man-at-Arms
34:34 Iron Casting
37:09 Imperial Age
34:34 Long Swordsman
35:15 Squires
35:01 Arson
36:58 Forced Levy
37:09 Two-Handed Swordsman
39:36 Crop Rotation
Bautix_8
23:31 Feudal Age
27:49 Wheelbarrow
27:02 Loom
27:08 Fishing Lines
28:26 Double-Bit Axe
28:26 Horse Collar
31:56 Gold Mining
31:56 Stone Mining
34:16 Castle Age
34:24 Castle Age
Chris
12:49 Feudal Age
13:39 Double-Bit Axe
14:24 Fishing Lines
14:35 Town Watch
15:29 Wheelbarrow
20:53 Castle Age
22:25 Bow Saw
27:35 Medium Warships
27:23 Horse Collar
27:35 Gold Mining
31:33 Loom
32:56 Heated Shot
34:16 Gillnets
34:31 Treadmill Crane
35:03 Clinker Construction
35:05 Careening
35:43 Heavy Plow
36:01 Hand Cart
35:48 Town Patrol
36:37 Stone Mining
39:37 Imperial Age
37:22 Forging
38:49 Stone Shaft Mining
38:27 Bloodlines
38:19 Husbandry
39:01 Fortified Wall
39:31 Iron Casting
39:02 Scale Barding Armor
40:28 Chain Barding Armor
39:47 Cavalier
41:04 Crop Rotation
41:48 Two-Man Saw
41:38 Plate Barding Armor
41:31 Ballistics
41:17 Paladin
44:08 Fletching
44:19 Padded Archer Armor
44:19 Scale Mail Armor
44:21 Caravan
44:52 Coinage
45:23 Chemistry
44:14 Guard Tower
44:19 Murder Holes
44:45 Carvel Hull
44:45 Dry Dock
44:35 Masonry
44:43 Redemption
44:34 Atonement
44:44 Fervor
44:49 Block Printing
45:00 Illumination
44:35 Devotion
44:55 Sanctity
44:56 Heresy
45:11 Theocracy
44:31 Herbal Medicine
45:40 Heavy Warships
44:38 Demolition Ship
Kibyra
9:10 Loom
12:01 Feudal Age
12:22 Double-Bit Axe
12:29 Town Watch
13:20 Wheelbarrow
16:00 Fishing Lines
18:07 Gold Mining
21:37 Castle Age
22:50 Gillnets
24:16 Medium Warships
27:30 Bow Saw
29:49 Stone Mining
30:40 Fervor
31:28 Fletching
33:00 Padded Archer Armor
35:32 Imperial Age
33:21 Fletching
33:46 Leather Archer Armor
33:42 Forging
34:07 Ballistics
33:43 Murder Holes
34:11 Bodkin Arrow
35:55 Cavalier
36:36 Husbandry
36:00 Pikeman
39:20 Hand Cart
45:35 Conscription
ryioze
12:48 Feudal Age
13:14 Double-Bit Axe
13:13 Fishing Lines
14:32 Stone Mining
15:34 Horse Collar
20:47 Castle Age
19:18 Gold Mining
23:00 Bow Saw
22:45 Gillnets
25:40 Gold Shaft Mining
25:54 Fletching
26:04 Padded Archer Armor
27:30 Wheelbarrow
26:41 Loom
28:00 Heavy Plow
28:09 Bodkin Arrow
28:15 Padded Archer Armor
30:02 Ballistics
34:12 Imperial Age
31:34 Treadmill Crane
34:29 Masonry
34:34 Elite Longbowman
35:48 Bracer
36:04 Leather Archer Armor
36:17 Yeomen
40:33 Chemistry
39:39 Siege Engineers
40:06 Ring Archer Armor
39:43 Arson
39:58 Squires
39:43 Gambesons
39:20 Pikeman
41:24 Architecture
42:48 Murder Holes
Okan Caliskan
10:50 Feudal Age
9:10 Loom
18:28 Horse Collar
22:15 Double-Bit Axe
23:25 Forging
23:16 Scale Mail Armor
26:02 Wheelbarrow
30:47 Castle Age
38:20 Gambesons
40:00 Stirrups
47:10 Imperial Age
Connection lost

Rejoining the realm…

Still unreachable

The connection could not be restored.

Session expired

The server has moved on; the page needs a fresh start.